 Dungeon Crawl Stone Soup version 0.18-a0-641-g4caf58e (webtiles) character file.

116 zercules the Sneak (level 5, -3/28 HPs)
             Began as a Vine Stalker Assassin on Dec 5, 2015.
             Slain by a scorpion (8 damage)
             ... on level 4 of the Dungeon.
             The game lasted 00:15:40 (1890 turns).

zercules the Sneak (Vine Stalker Assassin)          Turns: 1890, Time: 00:15:40

Health: -3/28      AC:  1    Str: 18    XL:     5   Next: 1%
Magic:  0/6        EV: 11    Int: 12    God:
Gold:   139        SH:  0    Dex: 16    Spells: 0 memorised, 4 levels left

rFire  x . .     SeeInvis .     z - +0 long sword
rCold  + . .     Clarity  .     c - +0 robe
rNeg   . . .     SustAt   .     (no shield)
rPois  .         Gourm    .     (no helmet)
rElec  .         Spirit   +     d - +0 cloak
rCorr  .         Dismiss  .     (no gloves)
rMut   .         Stasis   .     r - +0 pair of boots
MR     .....                    n - amulet of regeneration
Stlth  +++.......               l - -3 ring of protection (curse)
                                h - ring of ice

@: mighty, not resistant to hostile enchantments, fairly stealthy
A: fangs 2, regeneration 1, magic shield, antimagic bite, no device heal 3, rot
immunity
a: no special abilities


You were on level 4 of the Dungeon.
You were hungry.

You visited 1 branch of the dungeon, and saw 4 of its levels.

You collected 139 gold pieces.

Inventory:

Hand Weapons
 a - a +2 dagger
 b - a +3 blowgun
 z - a +0 long sword (weapon)
Missiles
 e - 26 poisoned needles
 f - 2 curare-tipped needles
 A - 16 stones (quivered)
Armour
 c - a +0 robe (worn)
 d - a +0 cloak (worn)
 r - a +0 pair of boots (worn)
Jewellery
 h - a ring of ice (left hand)
 l - a cursed -3 ring of protection (right hand)
 n - an amulet of regeneration (around neck)
 w - an uncursed ring of ice
Scrolls
 i - a scroll of random uselessness
 k - 6 scrolls of remove curse {unknown}
 s - a scroll of magic mapping {unknown}
 x - a scroll of recharging {unknown}
 y - a scroll of fear {unknown}
Potions
 j - a potion of might
 m - 2 potions of curing
 t - 2 potions of agility {unknown}
Books
 u - a book of Alchemy

   Spells                             Type                      Level
   a - Sublimation of Blood           Necromancy                   2
   b - Ignite Poison                  Fire/Transmutation/Poison    3
   c - Alistair's Intoxication        Transmutation/Poison         4
   d - Condensation Shield            Ice                          4
   e - Petrify                        Transmutation/Earth          4
   f - Irradiate                      Conjuration/Transmutation    5
Comestibles
 g - 3 bread rations
 o - 4 fruits
 p - a slice of pizza
 q - a royal jelly


   Skills:
 + Level 3.1 Fighting
 - Level 3.3 Short Blades
 + Level 0.0(1.9) Long Blades
 - Level 2.1 Throwing
 - Level 0.7 Dodging
 - Level 5.0 Stealth


You had 4 spell levels left.
You didn't know any spells.

Dungeon Overview and Level Annotations

Branches:
Dungeon (4/15)
 Temple: D:4-7

Altars:


Innate Abilities, Weirdness & Mutations

You have extremely sharp teeth.
Your natural rate of healing is unusually fast.
When hurt, damage is shared between your health and your magic reserves.
Your bite disrupts and absorbs the magic of your enemies.
Potions and wands cannot restore your health.
You are immune to rotting.


Message History

You barely miss the scorpion.
You bite the scorpion, but do no damage.
The scorpion is heavily wounded.
The scorpion stings you.
You are more poisoned.
The scorpion poisons you! The scorpion stings you!
* * * LOW HITPOINT WARNING * * *
You are lethally poisoned!
The scorpion poisons you!
Drink which item? (? for menu, Esc to quit)
It was a potion of might.
You feel very mighty all of a sudden.
* * * LOW HITPOINT WARNING * * *
You feel sick. The scorpion stings you.
* * * LOW HITPOINT WARNING * * *
You are more poisoned.
The scorpion poisons you!
Drink which item? (? for menu, Esc to quit)
It was a potion of curing.
You feel better. The scorpion stings you!
You die...

...................#
.†.###................
..####............##.#
.....'...............
##...#.............#
#...#.............#
##...####..........#
......# #......?...#
......# #.......@s.#
......#
#...######.......#
......# #.#.#
#..###### ......#
#.#.. #..# ......#
#.##.# #..# ......#
#.# .# #... ......# #.
.# #.... ......# #....
......#


You could see a scorpion.

Vanquished Creatures
  Jessica (D:3)
  5 adders
  A giant gecko (D:2)
  2 giant cockroaches (D:2)
  6 hobgoblins
  7 jackals (D:3)
  8 kobolds
  3 bats
  2 giant newts
  2 goblins
  8 rats
45 creatures vanquished.

Notes
Turn   | Place    | Note
--------------------------------------------------------------
     0 | D:1      | zercules the Vine Stalker Assassin began the quest for the Orb.
     0 | D:1      | Reached XP level 1. HP: 11/11 MP: 2/2
    23 | D:1      | Reached skill level 5 in Stealth
   172 | D:1      | Reached XP level 2. HP: 12/15 MP: 3/3
   608 | D:2      | Reached XP level 3. HP: 10/18 MP: 1/4
  1280 | D:3      | Reached XP level 4. HP: 23/23 MP: 5/5
  1443 | D:3      | Noticed Jessica
  1449 | D:3      | Killed Jessica
  1733 | D:4      | Reached XP level 5. HP: 15/28 MP: 4/6
  1890 | D:4      | Slain by a scorpion

Vault maps used:
D:1:      dpeg_arrival_lava_altar
D:2:      lemuel_doored_altar
D:3:      first_bread, kennysheep_pointless_box, uniq_jessica
D:4:      gammafunk_temple_overflow_wave, nicolae_ru_awakened_eye

Action                   |  1- 3 |  4- 6 || total
-------------------------+-------+-------++-------
Melee: Dagger            |    86 |    23 ||   109
       Long sword        |       |     7 ||     7
 Fire: Blowgun           |     6 |     4 ||    10
  Use: Scroll            |     3 |     1 ||     4
       Potion            |       |     2 ||     2
 Stab: Sleeping          |     4 |     3 ||     7
  Eat: Chunk             |     1 |       ||     1
       Beef jerky        |       |     1 ||     1
